 Dungeon Crawl Stone Soup version 0.28-a0-861-ge64d6db94f (webtiles) character file.

Game seed: 10214130898801683754

8298 meatgazer the Envoy of Void (level 11, -9/90 HPs)
             Began as a Demonspawn Abyssal Knight on Nov 15, 2021.
             Was a High Priest of Lugonu.
             Killed from afar by an efreet (22 damage)
             ... with a fireball
             ... on level 9 of the Dungeon.
             The game lasted 00:18:26 (12166 turns).

meatgazer the Envoy of Void (DsAK)                 Turns: 12166, Time: 00:18:26

Health: -9/90      AC: 14    Str: 14    XL:     11   Next: 8%
Magic:  20/20      EV: 13    Int: 16    God:    Lugonu [*****.]
Gold:   458        SH:  5    Dex: 15    Spells: 10/10 levels left

rFire   . . .      SeeInvis .   a - +1 spear (venom)
rCold   . . .      Faith    .   (no shield)
rNeg    . . .      Spirit   .   v - +1 scale mail
rPois   .          Reflect  +   (helmet restricted)
rElec   .          Harm     .   i - +2 cloak
rCorr   .          Rampage  .   (no gloves)
Will    .....                   (no boots)
Stlth   ..........              b - amulet of Ru's Supremacy {Reflect Int+3 SH+5}
HPRegen 0.25/turn               c - +4 ring of slaying
MPRegen 0.17/turn               t - +4 ring of evasion

@: no status effects
A: antennae 1, yellow scales 2, demonic guardian 1, condensation shield
a: Renounce Religion, Depart the Abyss, Bend Space, Banish, Corrupt, Enter the
Abyss


You were on level 9 of the Dungeon.
You worshipped Lugonu.
Lugonu was extremely pleased with you.
You visited 1 branch of the dungeon, and saw 9 of its levels.
You visited the Abyss 1 time.

You collected 458 gold pieces.

Inventory:

Hand Weapons
 a - a +1 spear of venom (weapon)
 z - a +3 spear
Missiles
 o - 2 throwing nets
Armour
 i - a +2 cloak (worn)
 v - a +1 scale mail (worn)
Jewellery
 b - the amulet of Ru's Supremacy (around neck) {Reflect Int+3 SH+5}
   (You took it off a kobold on level 7 of the Dungeon)

   [amulet of reflection]

   It reflects blocked missile attacks.
   Int:       It affects your intelligence (+3).
   SH:        It affects your SH (+5).
 c - a +4 ring of slaying (left hand)
 d - an amulet of guardian spirit
 h - an amulet of magic regeneration
 m - a ring of fire
 n - a ring of poison resistance
 t - a +4 ring of evasion (right hand)
 w - a ring of protection from fire
 x - a ring of positive energy
Wands
 q - a wand of iceblast (4)
 r - a wand of flame (9)
 s - a wand of polymorph (6)
Scrolls
 g - 2 scrolls of teleportation
 l - 2 scrolls of amnesia
 y - a scroll of blinking
Potions
 e - a potion of haste
 f - 5 potions of curing
 j - 2 potions of lignification
 k - a potion of cancellation
 p - 2 potions of flight
 u - a potion of magic


   Skills:
 + Level 10.1 Fighting
 + Level 9.1 Polearms
 + Level 4.6 Armour
 - Level 0.8 Dodging
 + Level 12.5 Invocations


You had 10 spell levels left.
You didn't know any spells.
Your spell library contained the following spells:

 Spells                   Type           Power      Damage    Failure   Level
 Foxfire                  Conj/Fire      0%         2x1d4     69%         1
 Summon Small Mammal      Summ           0%         N/A       69%         1
 Call Canine Familiar     Summ           0%         N/A       96%         3
 Conjure Flame            Conj/Fire      0%         6-21      96%         3
 Inner Flame              Hex/Fire       0%         N/A       96%         3
 Summon Guardian Golem    Hex/Summ       0%         N/A       96%         3
 Tukima's Dance           Hex            0%         N/A       96%         3
 Flame Wave               Conj/Fire      0%         3d3       100%        4
 Passage of Golubria      Tloc           0%         N/A       100%        4
 Yara's Violent Unravell  Hex/Tmut       0%         3d3       100%        5


Dungeon Overview and Level Annotations

Branches:
Dungeon (9/15)             Temple (0/1) D:7
   Lair: D:8-11         Orc: D:9-12

Altars:
Gozag
Qazlal
Xom
Yredelemnul
Beogh

Shops:
D:5 :   D:9 *

Annotations:
Abyss:1 Maggie


Innate Abilities, Weirdness & Mutations

You have a pair of small antennae on your head.
You are mostly covered in yellow scales. (AC +3)
A weak demonic guardian rushes to your aid.
A meltable shield of frost defends you. (SH +0)


Message History

You hit the efreet.
The efreet is heavily wounded.
The efreet gestures at you.
The fireball explodes!
The fireball engulfs you!
The fireball engulfs the efreet.
The efreet completely resists.
You hear a horrible gurgling sound!
You hear a shout!
You barely miss the efreet.
The efreet is heavily wounded.
You barely miss the efreet.
The efreet is heavily wounded.
You block the efreet's attack.
You hit the efreet but do no damage.
The efreet is heavily wounded.
The efreet gestures at you. The bolt of fire hits you!!
You are too injured to fight recklessly!
You are too injured to fight recklessly!
You are too injured to fight recklessly!
Okay, then.
You hit the efreet.
The efreet is severely wounded.
The orc warrior closely misses you.
You hit the efreet.
The efreet is severely wounded.
The efreet closely misses you.
The orc warrior hits you but does no damage.
You puncture the efreet!
The efreet is almost dead.
You hit the efreet but do no damage.
The efreet is almost dead.
The efreet looks more healthy.
The efreet gestures at you. The bolt of fire hits you!!
* * * LOW HITPOINT WARNING * * *
A demonic guardian appears!
The orc warrior hits you from afar with a +0 trident!
* * * LOW HITPOINT WARNING * * *
The efreet gestures at you.
The fireball explodes!
The fireball engulfs you!!
You die... ##...## #.....# ##..⌠..## ##### ....... #.... ..... ..( oyc

#. ####R# #.
#.##.#####.. #8
#..@........ ##.
#.4#######.#+# .#..
##.[# #.#.# #....
#...##### #.#.#
####8
#.......###.#.## ##
#...###.#......## #
###.###.#.#.....# #
#............## #
#####.......#######


You could see an efreet (ally target), a centaur, a killer bee and a friendly
ice devil (summoned).

Vanquished Creatures
  A boulder beetle (D:9)
  Erica (D:8)
  An ugly thing (D:9)
  An unseen horror (D:9)
  Psyche (D:8)
  A polar bear (D:8)
  5 yaks (D:8)
  A hog (shapeshifter) (D:9)
  Grum (D:8)
  Menkaure (D:7)
  A steam dragon (D:9)
  A vampire mosquito (D:8)
  2 water moccasins
  4 ice beasts
  A sky beast (D:7)
  3 black bears
  A necrophage (D:4)
  3 orc warriors
  A hornet zombie (D:4)
  2 ogres
  2 centaurs (D:7)
  4 wolves
  2 phantoms
  3 kobold brigands
  2 bullfrogs
  A gnoll sergeant (D:8)
  A scorpion (D:5)
  2 wyvern skeletons
  3 howler monkeys
  8 wights
  An electric eel (D:8)
  4 crimson imps (D:6)
  2 centaur zombies
  A bullfrog zombie (D:5)
  2 orc priests
  A hound (D:3)
  A gnoll shaman (D:6)
  An iguana (D:5)
  9 orc wizards
  A hound skeleton (D:4)
  17 gnolls
  8 adders
  A shadow imp (D:7)
  4 white imps
  3 howler monkey simulacra (D:8)
  2 worms
  3 dart slugs
  35 orcs
  4 bats
  6 endoplasms
  6 giant cockroaches
  10 goblins
  4 hobgoblins
  5 jackals
  22 kobolds
  4 quokkas
  9 ball pythons
  4 frilled lizards
  9 rats
240 creatures vanquished.

Vanquished Creatures (collateral kills)
  A gnoll shaman (D:7)
  A howler monkey simulacrum (D:8)
2 creatures vanquished.

Vanquished Creatures (others)
  An orc (D:8)
1 creature vanquished.

Grand Total: 243 creatures vanquished

Notes
Turn   | Place    | Note
-------+----------+-------------------------------------------
     0 | Abyss:1  | meatgazer the Demonspawn Abyssal Knight began the quest for
                  | the Orb.
     0 | Abyss:1  | Reached XP level 1. HP: 18/18 MP: 2/2
    45 | Abyss:3  | Found a corrupted altar of Lugonu.
   103 | Abyss:3  | Noticed a red very ugly thing
   107 | D:1      | Escaped the Abyss
   202 | D:1      | Found a faded altar of an unknown god.
   207 | D:1      | Reached * piety under Lugonu
   208 | D:1      | Gained mutation: A weak demonic guardian rushes to your
                  | aid. [demonic ancestry]
   208 | D:1      | Reached XP level 2. HP: 15/24 MP: 4/4
   284 | D:1      | Reached skill level 3 in Invocations
   717 | D:1      | Reached XP level 3. HP: 29/29 MP: 5/5
  1079 | D:2      | Found an opulent altar of Gozag.
  1277 | D:2      | Reached ** piety under Lugonu
  1430 | D:2      | Gained mutation: You are partially covered in yellow
                  | scales. (AC +2) [demonic ancestry]
  1430 | D:2      | Reached XP level 4. HP: 37/37 MP: 6/6
  2035 | D:3      | Reached skill level 4 in Invocations
  2363 | D:3      | Reached XP level 5. HP: 40/42 MP: 8/8
  2993 | D:4      | Noticed a necrophage
  3002 | D:4      | Killed a necrophage
  3003 | D:4      | Reached skill level 5 in Invocations
  3003 | D:4      | Reached XP level 6. HP: 47/49 MP: 7/9
  3963 | D:5      | Entered Level 5 of the Dungeon
  3984 | D:5      | Reached skill level 5 in Fighting
  4256 | D:5      | Reached skill level 6 in Invocations
  4256 | D:5      | Gained mutation: You have a pair of small antennae on your
                  | head. [demonic ancestry]
  4256 | D:5      | Reached XP level 7. HP: 56/56 MP: 11/11
  4522 | D:5      | Found Rob Bic's Self-Improvement Boutique.
  5501 | D:6      | Found a shimmering altar of Xom.
  5511 | D:6      | Reached skill level 5 in Polearms
  5511 | D:6      | Reached skill level 7 in Invocations
  5515 | D:6      | Reached *** piety under Lugonu
  5624 | D:6      | Reached XP level 8. HP: 36/64 MP: 8/13
  6076 | D:6      | Reached skill level 8 in Invocations
  6441 | D:7      | Reached skill level 9 in Invocations
  6666 | D:7      | Gained mutation: A meltable shield of frost defends you.
                  | (SH +0) [demonic ancestry]
  6666 | D:7      | Reached XP level 9. HP: 43/72 MP: 7/15
  6764 | D:7      | Noticed Menkaure
  6775 | D:7      | Killed Menkaure
  7057 | D:7      | Identified the amulet of Ru's Supremacy {Reflect Int+3
                  | SH+5}
  7405 | D:7      | Reached **** piety under Lugonu
  7492 | D:7      | Found a staircase to the Ecumenical Temple.
  7607 | D:7      | Found a stormy altar of Qazlal.
  7608 | D:7      | Found a basalt altar of Yredelemnul.
  7703 | D:8      | Noticed Erica
  7711 | D:8      | Reached skill level 10 in Invocations
  7750 | D:8      | Killed Erica
  7825 | D:7      | Reached skill level 11 in Invocations
  8183 | D:8      | Reached XP level 10. HP: 75/81 MP: 18/18
  8716 | D:8      | Noticed Grum
  9010 | D:8      | Noticed Psyche
  9022 | D:8      | Killed Psyche
  9136 | D:8      | Noticed Maggie
  9139 | D:8      | Banished Maggie
 10264 | D:8      | Killed Grum
 10458 | D:8      | Found a runed translucent door.
 10691 | D:8      | Reached skill level 12 in Invocations
 10819 | D:8      | Identified the +3 long sword "Zufybb" {vorpal, rN+ Int+3
                  | Stlth-}
 11212 | D:9      | Identified the +7 dagger "Naakulod" {speed, Str-4 Int+5
                  | Dex+2 Stlth+}
 11478 | D:9      | Noticed a seven-headed hydra
 11478 | D:9      | Noticed a catoblepas
 11695 | D:9      | Noticed a boulder beetle
 11707 | D:9      | Killed a boulder beetle
 11708 | D:9      | Reached skill level 10 in Fighting
 11710 | D:9      | Noticed a cyan ugly thing
 11737 | D:9      | Noticed a wizard
 11740 | D:9      | Noticed a mana viper
 11740 | D:9      | a merfolk changed into a mana viper
 11742 | D:9      | Killed a cyan ugly thing
 11742 | D:9      | Reached ***** piety under Lugonu
 11743 | D:9      | Gained mutation: You are mostly covered in yellow scales.
                  | (AC +3) [demonic ancestry]
 11743 | D:9      | Reached XP level 11. HP: 61/90 MP: 20/20
 11979 | D:9      | Found Lais's General Store.
 12166 | D:9      | Killed from afar by an efreet

Illustrated notes

Levels and vault maps discovered:
D:1:      erik_arrival_blinker_ship, layout_basic, basic_ecumenical_altar,
          minmay_pentomino_t4
D:2:      layout_basic, basic_altar
D:3:      layout_loops_corners, dk_noncrumbling_2
D:4:      layout_loops_ring, chequers_avenue
D:5:      layout_basic, nicolae_shop_self_help
D:6:      layout_gridville, led_xom_imps
D:7:      layout_gridville, mainiacjoe_overflow_divided_tiny,
          minmay_temple_entry_large_hall, serial_park_tiny_pond, uniq_menkaure
D:8:      layout_rooms, serial_ice, serial_ice_j, serial_ice_h, serial_ice_c,
          serial_ice_g, lightli_church_of_beogh, uniq_erica, uniq_psyche,
          uniq_grum, uniq_maggie
D:9:      layout_loops_corners, kennysheep_little_box, serial_shops,
          nicolae_stop_n_shop_1, nicolae_rejected_hall

Skill      XL: |  1  2  3  4  5  6  7  8  9 10 |
---------------+-------------------------------+-----
Polearms       | 2 3 4 5 6 7 9 |  9.1
Invocations    | 3 4 5 6 7 9 11 12 | 12.5
Fighting       | 4 5 6 7 8 10 | 10.1
Armour         | 4 |  4.6
Dodging        | |  0.8

Action                   |  1- 3 |  4- 6 |  7- 9 | 10-12 || total
-------------------------+-------+-------+-------+-------++-------
Melee: Spear             |    96 |   173 |   361 |   358 ||   988
Invok: Depart the Abyss  |     1 |       |       |       ||     1
       Bend Space        |       |       |       |     1 ||     1
       Banish            |       |       |       |     1 ||     1
Evoke: Wand              |       |       |     5 |    10 ||    15
  Use: Potion            |     3 |       |     2 |     1 ||     6
       Scroll            |     3 |     7 |     8 |     2 ||    20
 Stab: Sleeping          |     2 |     1 |       |       ||     3
       Distracted        |       |       |     2 |       ||     2
Armor: Leather armour    |    12 |    38 |    64 |       ||   114
       Scale mail        |       |       |    38 |    80 ||   118
Dodge: Dodged            |    29 |    72 |   147 |   132 ||   380
Block: Other             |       |       |    25 |   107 ||   132
       Reflection        |       |       |       |     5 ||     5

Table legend: (Time is in decaauts)
 A = Elapsed time spent in this place.
 B = Non-inter-level travel time spent in this place.
 C = Inter-level travel time spent in this place.
 D = Time resting spent in this place.
 E = Time spent auto-exploring this place.
 F = Levels seen in this place.
 G = Mean time per level.
                   A        B        C        D        E       F      G
               +--------+--------+--------+--------+--------+-----+--------+
         Total |  11979 |  11761 |    218 |   4441 |   5678 |  12 |  998.2 |
       Dungeon |  11873 |  11655 |    218 |   4441 |   5612 |   9 | 1319.2 |
         Abyss |    106 |    106 |      0 |      0 |     66 |   3 |   35.3 |
               +--------+--------+--------+--------+--------+-----+--------+

Top non-repeatable levels by time:
     D:7: 2381 daAuts
     D:8: 2235 daAuts
     D:5: 1286 daAuts
     D:2: 1133 daAuts
     D:6: 1124 daAuts
     D:9: 1001 daAuts
     D:3: 970 daAuts
     D:4: 968 daAuts
     D:1: 770 daAuts
 Abyss:3: 61 daAuts
 Abyss:1: 25 daAuts
 Abyss:2: 19 daAuts
